 Dungeon Crawl Stone Soup version 0.29-a0-553-g81b289dbe5 (webtiles) character file.

Game seed: 17942608391031704929

4410 MechDurjaeses the Blocker (level 10, 0/82 HPs)
             Began as a Gnoll Fighter on June 6, 2022.
             Was an Elder of Okawaru.
             Slain by an eight-headed hydra (4 damage)
             ... on level 8 of the Dungeon.
             The game lasted 00:22:59 (8491 turns).

MechDurjaeses the Blocker (Gnoll Fighter)           Turns: 8491, Time: 00:22:59

Health: 0/82       AC: 14    Str: 16    XL:     10   Next: 36%
Magic:  13/17      EV: 14    Int: 12    God:    Okawaru [****..]
Gold:   447        SH:  8    Dex: 11    Spells: 17/19 levels left

rFire   . . .      SeeInvis .   a - +1 trident (flame)
rCold   + . .      Faith    .   c - +1 buckler
rNeg    . . .      Spirit   .   d - +3 ring mail
rPois   .          Reflect  .   (no helmet)
rElec   .          Harm     .   l - +2 cloak
rCorr   .          Rampage  .   (no gloves)
Will    +....                   (no boots)
Stlth   ++++......              (no amulet)
HPRegen 0.23/turn               r - ring of protection from cold
MPRegen 0.15/turn               (no ring)

@: about to teleport, heroic, on blink cooldown
A: fangs 1, strong nose, distributed training, strong-willed 1
a: Renounce Religion, Heroism, Finesse


You were on level 8 of the Dungeon.
You worshipped Okawaru.
Okawaru was greatly pleased with you.
You visited 2 branches of the dungeon, and saw 9 of its levels.
You also visited: Sewer.

You collected 447 gold pieces.

Inventory:

Hand Weapons
 a - a +1 trident of flaming (weapon)
 u - a +0 hand crossbow
 G - a +4 quarterstaff of chaos
 H - a +0 bardiche
 N - the +2 war axe of Judgement {vorpal, *Slow Dex+4}
   (You found it on level 7 of the Dungeon)

   It inflicts extra damage upon your enemies.
   Dex:       It affects your dexterity (+4).
   *Slow:     It may slow you when you take damage.
Missiles
 i - 12 poisoned darts (quivered)
 p - a curare-tipped dart
 y - a boomerang of dispersal
Armour
 c - a +1 buckler (worn)
 d - a +3 ring mail (worn)
 l - a +2 cloak (worn)
 D - a +2 robe of fire resistance
Magical Staves
 f - a staff of cold
 M - a staff of earth
Jewellery
 r - a ring of protection from cold (left hand)
Wands
 x - a wand of polymorph (4)
 B - a wand of paralysis (12)
 K - a wand of flame (20)
 L - a wand of iceblast (14)
Scrolls
 e - a scroll of torment
 j - a scroll of fog
 m - a scroll of silence
 z - 2 scrolls of acquirement {unknown}
 A - a scroll of immolation {unknown}
 E - 2 scrolls of fear {unknown}
 F - a scroll of poison {unknown}
 I - a scroll of amnesia {unknown}
Potions
 b - 2 potions of brilliance
 g - 3 potions of curing {unknown}
 h - 2 potions of flight
 k - a potion of berserk rage {unknown}
 n - 3 potions of mutation
 o - a potion of experience {unknown}
 q - a potion of attraction {unknown}
 s - 2 potions of invisibility {unknown}
 t - a potion of magic {unknown}
 w - a potion of might
 C - 3 potions of ambrosia
 J - a potion of cancellation {unknown}


   Skills:
 + Level 8.4(13.4) Fighting
 + Level 5.2(10.2) Short Blades
 + Level 5.2(10.2) Long Blades
 + Level 5.2(10.2) Axes
 + Level 5.2(10.2) Maces & Flails
 + Level 7.0(12.0) Polearms
 + Level 5.2(10.2) Staves
 + Level 5.2(10.2) Slings
 + Level 5.2(10.2) Bows
 + Level 5.2(10.2) Crossbows
 + Level 5.2(10.2) Throwing
 + Level 8.4(13.4) Armour
 + Level 5.2(10.2) Dodging
 + Level 5.2(10.2) Stealth
 + Level 8.4(13.4) Shields
 + Level 5.2(10.2) Unarmed Combat
 + Level 5.2 Spellcasting
 + Level 4.3 Conjurations
 + Level 4.3 Hexes
 + Level 4.3 Summonings
 + Level 4.3 Necromancy
 + Level 4.3 Translocations
 + Level 4.3 Transmutations
 + Level 4.3 Fire Magic
 + Level 4.3 Ice Magic
 + Level 4.3 Air Magic
 + Level 4.3 Earth Magic
 + Level 4.3 Poison Magic
 + Level 5.7 Invocations
 + Level 5.2 Evocations


You had 17 spell levels left.
You knew the following spells:

 Your Spells              Type           Power      Damage    Failure   Level
a - Blink                 Tloc           26%        N/A       10%         2

Your spell library contained the following spells:

 Spells                   Type           Power      Damage    Failure   Level
 Gell's Gravitas          Tloc           13%        N/A       19%         3
 Lesser Beckoning         Tloc           13%        N/A       19%         3
 Teleport Other           Tloc           13%        N/A       19%         3
 Fireball                 Conj/Fire      6%         3d5       86%         5
 Manifold Assault         Tloc           13%        N/A       86%         5
 Starburst                Conj/Fire      6%         6d4       100%        6
 Storm Form               Tmut/Air       6%         N/A       100%        7
 Ignition                 Fire           6%         3d4       100%        8


Dungeon Overview and Level Annotations

Branches:
Dungeon (8/15)             Temple (1/1) D:5           Sewer (visited)
   Lair: D:8-11

Altars:
Ashenzari
Cheibriados
Dithmenos
Elyvilon
Fedhas
Gozag
Kikubaaqudgha
Nemelex Xobeh
Okawaru
Qazlal
Ru
Sif Muna
Trog
Uskayaw
Vehumet
Wu Jian
Xom
Yredelemnul
Zin
The Shining One


Innate Abilities, Weirdness & Mutations

You have very sharp teeth.
Your uncanny sense of smell can sniff out nearby items.
Your experience applies equally to all skills.
You are strong-willed. (Will+)


Message History

You block the eight-headed hydra's attack.
The eight-headed hydra barely misses you.
The eight-headed hydra bites you.
The eight-headed hydra bites you but does no damage.
You block the eight-headed hydra's attack.
The eight-headed hydra misses you.
You completely miss the eight-headed hydra.
The eight-headed hydra is moderately wounded.
The eight-headed hydra bites you! The eight-headed hydra bites you.
You block the eight-headed hydra's attack.
The eight-headed hydra bites you.
The eight-headed hydra bites you but does no damage.
The eight-headed hydra bites you! The eight-headed hydra bites you.
The eight-headed hydra closely misses you.
Okay, then.
Casting: Blink (safe; 10% risk of failure)
Confirm with . or Enter, or press ? or * to list all spells.
You blink.
The eight-headed hydra closely misses you. x2
The eight-headed hydra bites you. The eight-headed hydra bites you!
* * * LOW HITPOINT WARNING * * *
The eight-headed hydra bites you but does no damage.
The eight-headed hydra closely misses you.
The eight-headed hydra completely misses you.
The eight-headed hydra closely misses you.
Casting: Blink (safe; 10% risk of failure)
Confirm with . or Enter, or press ? or * to list all spells.
You are still too unstable to blink.
Casting: Blink (safe; 10% risk of failure)
Confirm with . or Enter, or press ? or * to list all spells.
Okay, then.
As you read the scroll of teleportation, it crumbles to dust.
You feel strangely unstable. The eight-headed hydra bites you!
* * * LOW HITPOINT WARNING * * *
The eight-headed hydra bites you.
* * * LOW HITPOINT WARNING * * *
The eight-headed hydra bites you but does no damage.
You block the eight-headed hydra's attack.
The eight-headed hydra bites you.
You die...

#####
#..@#
#.#D#
#∆#§#
#.#
#.#
#.#
#.#
#.#
#.#
#.#
###
#.#
#.#
..[


You could see an eight-headed hydra.

Vanquished Creatures
  Pikel (D:5)
  The ghost of Balder the Cudgeller, a novice GrFi of Okawaru (D:7)
  A queen bee (D:7)
  A hornet (D:7)
  Prince Ribbit (D:5)
  The ghost of porpoise the Skirmisher, an amateur DsBr (D:4)
  Duvessa (D:7)
  A water moccasin (D:5)
  A black bear (D:3)
  2 sky beasts (D:6)
  An ice beast (D:5)
  2 ogres (D:5)
  3 centaurs
  3 phantoms
  3 bullfrogs
  3 kobold brigands (Sewer)
  Blork the orc (D:6)
  A necrophage (D:5)
  A scorpion (D:4)
  Dowan (D:7)
  6 killer bees (D:7)
  3 hounds
  3 orc priests
  Crazy Yiuf (D:6)
  2 jellies
  2 orc wizards
  An iguana (D:3)
  3 gnolls (D:5)
  14 adders
  3 river rats
  A white imp (D:6)
  3 ufetubi
  3 worms
  13 orcs
  6 endoplasms
  5 giant cockroaches
  8 goblins
  4 hobgoblins
  4 quokkas
  8 ball pythons
  3 bats
  5 frilled lizards
  19 kobolds
  9 rats
159 creatures vanquished.

Notes
Turn   | Place    | Note
-------+----------+-------------------------------------------
     0 | D:1      | MechDurjaeses the Gnoll Fighter began the quest for the
                  | Orb.
     0 | D:1      | Reached XP level 1. HP: 23/23 MP: 1/1
   103 | D:1      | Reached XP level 2. HP: 29/29 MP: 2/2
   393 | D:1      | Reached XP level 3. HP: 32/32 MP: 3/3
   680 | D:2      | Found a faded altar of an unknown god.
   685 | D:2      | Reached skill level 1 in Invocations
   898 | D:2      | Reached skill level 1 in Short Blades
   898 | D:2      | Reached skill level 1 in Long Blades
   898 | D:2      | Reached skill level 1 in Axes
   898 | D:2      | Reached skill level 1 in Maces & Flails
   898 | D:2      | Reached skill level 1 in Staves
   898 | D:2      | Reached skill level 1 in Slings
   898 | D:2      | Reached skill level 1 in Bows
   898 | D:2      | Reached skill level 1 in Crossbows
   898 | D:2      | Reached skill level 1 in Throwing
   898 | D:2      | Reached skill level 1 in Dodging
   898 | D:2      | Reached skill level 1 in Stealth
   898 | D:2      | Reached skill level 1 in Unarmed Combat
   898 | D:2      | Reached skill level 1 in Spellcasting
   898 | D:2      | Reached skill level 1 in Evocations
   898 | D:2      | Reached XP level 4. HP: 40/41 MP: 5/5
  1365 | D:3      | Found a glowing silver altar of Zin.
  1393 | D:3      | Reached skill level 1 in Conjurations
  1393 | D:3      | Reached skill level 1 in Hexes
  1393 | D:3      | Reached skill level 1 in Summonings
  1393 | D:3      | Reached skill level 1 in Necromancy
  1393 | D:3      | Reached skill level 1 in Translocations
  1393 | D:3      | Reached skill level 1 in Transmutations
  1393 | D:3      | Reached skill level 1 in Fire Magic
  1393 | D:3      | Reached skill level 1 in Ice Magic
  1393 | D:3      | Reached skill level 1 in Air Magic
  1393 | D:3      | Reached skill level 1 in Earth Magic
  1393 | D:3      | Reached skill level 1 in Poison Magic
  1653 | D:3      | Reached XP level 5. HP: 42/47 MP: 6/6
  1704 | D:3      | Found a basalt altar of Yredelemnul.
  1709 | D:3      | Noticed a black bear
  1734 | D:3      | Killed a black bear
  1938 | D:3      | Found an ornate altar of the Wu Jian Council.
  2114 | D:3      | Reached XP level 6. HP: 17/53 MP: 8/8
  2556 | D:4      | Found a runed translucent door.
  2558 | D:4      | Found a glowing drain.
  2599 | Sewer    | Entered a sewer
  2603 | Sewer    | Reached skill level 5 in Polearms
  3194 | Sewer    | Gained mutation: Your magical capacity is low. (-10% MP)
                  | [potion of mutation]
  3194 | Sewer    | Gained mutation: You have a pair of small horns on your
                  | head. [potion of mutation]
  3219 | Sewer    | Reached XP level 7. HP: 53/60 MP: 9/9
  3593 | Sewer    | Lost mutation: You have a pair of small horns on your head.
                  | [potion of mutation]
  3593 | Sewer    | Lost mutation: Your magical capacity is low. (-10% MP)
                  | [potion of mutation]
  3593 | Sewer    | Gained mutation: You are strong-willed. (Will+) [potion of
                  | mutation]
  4340 | D:4      | Noticed porpoise's ghost (amateur DsBr)
  4364 | D:4      | Killed porpoise's ghost
  4365 | D:4      | Reached XP level 8. HP: 63/67 MP: 12/12
  4415 | D:5      | Entered Level 5 of the Dungeon
  4419 | D:5      | Found a staircase to the Ecumenical Temple.
  4445 | Temple   | Entered the Ecumenical Temple
  4476 | Temple   | Became a worshipper of Warmaster Okawaru
  4966 | D:5      | Reached * piety under Okawaru
  5499 | D:5      | Noticed Prince Ribbit
  5506 | D:5      | Killed Prince Ribbit
  5732 | D:5      | Found a white marble altar of Elyvilon.
  5745 | D:5      | Reached XP level 9. HP: 60/72 MP: 14/14
  5893 | D:5      | Noticed Pikel
  5919 | D:5      | Paralysed by Pikel for 5 turns
  5925 | D:5      | Killed Pikel
  5925 | D:5      | Reached ** piety under Okawaru
  6371 | D:6      | Found a shimmering blue altar of Sif Muna.
  6485 | D:6      | Noticed Blork the orc
  6495 | D:6      | Killed Blork the orc
  6900 | D:6      | Found a runed translucent door.
  6901 | D:6      | Noticed Crazy Yiuf
  6997 | D:6      | Reached skill level 5 in Invocations
  7232 | D:6      | Killed Crazy Yiuf
  7346 | D:7      | Found a transporter.
  7346 | D:7      | Noticed Balder's ghost (novice GrFi)
  7352 | D:7      | Noticed a hornet
  7352 | D:7      | Noticed a queen bee
  7356 | D:7      | Found a transporter.
  7459 | D:7      | Noticed Duvessa
  7479 | D:7      | Killed Duvessa
  7485 | D:7      | Noticed Dowan
  7500 | D:7      | Killed Dowan
  7500 | D:7      | Reached *** piety under Okawaru
  7992 | D:7      | Reached XP level 10. HP: 75/80 MP: 15/17
  8015 | D:7      | Killed Balder's ghost
  8016 | D:7      | Reached skill level 5 in Short Blades
  8016 | D:7      | Reached skill level 5 in Long Blades
  8016 | D:7      | Reached skill level 5 in Axes
  8016 | D:7      | Reached skill level 5 in Maces & Flails
  8016 | D:7      | Reached skill level 5 in Staves
  8016 | D:7      | Reached skill level 5 in Slings
  8016 | D:7      | Reached skill level 5 in Bows
  8016 | D:7      | Reached skill level 5 in Crossbows
  8016 | D:7      | Reached skill level 5 in Throwing
  8016 | D:7      | Reached skill level 5 in Dodging
  8016 | D:7      | Reached skill level 5 in Stealth
  8016 | D:7      | Reached skill level 5 in Unarmed Combat
  8016 | D:7      | Reached skill level 5 in Spellcasting
  8016 | D:7      | Reached skill level 5 in Evocations
  8200 | D:7      | Identified the +2 war axe of Judgement {vorpal, *Slow
                  | Dex+4}
  8260 | D:8      | Reached **** piety under Okawaru
  8395 | D:8      | Learned a level 2 spell: Blink
  8483 | D:8      | Noticed an eight-headed hydra
  8491 | D:8      | HP: 4/82 [eight-headed hydra (4)]
  8491 | D:8      | Slain by an eight-headed hydra

Illustrated notes

Levels and vault maps discovered:
D:1:      dpeg_arrival_prison, layout_rooms
D:2:      layout_rooms, ebering_ecumenical_altar_sacrificial
D:3:      layout_loops_ring, pdpol_wu_jian_five_deadly_venoms,
          mainiacjoe_overflow_six_doors_small, old_standard_altar
D:4:      layout_loops_cross, portal_sewer_entry_c, ebering_ghost_sewer_d
D:5:      layout_loops_ring, nicolae_overflow_crystal_walls,
          minmay_temple_entry_offerings, hangedman_abyss_or_decor_stabs,
          uniq_pikel, uniq_prince_ribbit1
D:6:      layout_loops_corners, lemuel_crystal_altar, uniq_blork_the_orc,
          uniq_crazy_yiuf_cottage
D:7:      layout_rooms, gammafunk_ghost_hive, uniq_duvessa
D:8:      layout_loops_ring, grunt_ministairs_6, minmay_microvault, uniq_grum
Temple:   regret_index_temple_generic_petals

Skill      XL: |  1  2  3  4  5  6  7  8  9 10 |
---------------+-------------------------------+-----
Invocations    | 1 2 3 4 5 |  5.7
Short Blades   | 1 2 3 4 5 |  5.2
Long Blades    | 1 2 3 4 5 |  5.2
Axes           | 1 2 3 4 5 |  5.2
Maces & Flails | 1 2 3 4 5 |  5.2
Staves         | 1 2 3 4 5 |  5.2
Slings         | 1 2 3 4 5 |  5.2
Bows           | 1 2 3 4 5 |  5.2
Crossbows      | 1 2 3 4 5 |  5.2
Throwing       | 1 2 3 4 5 |  5.2
Dodging        | 1 2 3 4 5 |  5.2
Stealth        | 1 2 3 4 5 |  5.2
Unarmed Combat | 1 2 3 4 5 |  5.2
Spellcasting   | 1 2 3 4 5 |  5.2
Evocations     | 1 2 3 4 5 |  5.2
Conjurations   | 1 2 3 4 |  4.3
Hexes          | 1 2 3 4 |  4.3
Summonings     | 1 2 3 4 |  4.3
Necromancy     | 1 2 3 4 |  4.3
Translocations | 1 2 3 4 |  4.3
Transmutations | 1 2 3 4 |  4.3
Fire Magic     | 1 2 3 4 |  4.3
Ice Magic      | 1 2 3 4 |  4.3
Air Magic      | 1 2 3 4 |  4.3
Earth Magic    | 1 2 3 4 |  4.3
Poison Magic   | 1 2 3 4 |  4.3
Polearms       | 5 6 7 |  7.0
Fighting       | 7 8 |  8.4
Armour         | 7 8 |  8.4
Shields        | 7 8 |  8.4

Action                   |  1- 3 |  4- 6 |  7- 9 | 10-12 || total
-------------------------+-------+-------+-------+-------++-------
Melee: Trident           |   105 |   222 |   346 |    55 ||   728
       Bite              |    10 |    16 |    36 |     7 ||    69
       Headbutt          |       |     3 |     4 |       ||     7
 Fire: Hand crossbow     |       |       |    15 |       ||    15
Throw: Dart              |       |     6 |       |       ||     6
 Cast: Blink             |       |       |       |     1 ||     1
Invok: Heroism           |       |       |     2 |     1 ||     3
Evoke: Wand              |       |       |     1 |       ||     1
  Use: Scroll            |       |     8 |     5 |     2 ||    15
       Potion            |       |     3 |     8 |     1 ||    12
 Stab: Sleeping          |       |       |     6 |     2 ||     8
       Paralysed         |       |       |     2 |       ||     2
Armor: Scale mail        |    39 |   114 |    18 |       ||   171
       Ring mail         |       |       |    88 |    18 ||   106
Dodge: Dodged            |    42 |    77 |   119 |    36 ||   274
Block: Buckler           |    30 |    57 |    77 |    12 ||   176

Table legend: (Time is in decaauts)
 A = Elapsed time spent in this place.
 B = Non-inter-level travel time spent in this place.
 C = Inter-level travel time spent in this place.
 D = Time resting spent in this place.
 E = Time spent auto-exploring this place.
 F = Levels seen in this place.
 G = Mean time per level.
                   A        B        C        D        E       F      G
               +--------+--------+--------+--------+--------+-----+--------+
         Total |   8606 |   8153 |    453 |    852 |   5651 |  10 |  860.6 |
       Dungeon |   7179 |   6767 |    412 |    549 |   5034 |   8 |  897.4 |
        Temple |    255 |    214 |     41 |      0 |    204 |   1 |  255.0 |
         Sewer |   1171 |   1171 |      0 |    303 |    412 |   1 | 1171.0 |
               +--------+--------+--------+--------+--------+-----+--------+

Top non-repeatable levels by time:
     D:5: 1474 daAuts
     D:3: 1227 daAuts
   Sewer: 1171 daAuts
     D:6: 1122 daAuts
     D:7: 937 daAuts
     D:4: 831 daAuts
     D:2: 693 daAuts
     D:1: 645 daAuts
  Temple: 255 daAuts
     D:8: 247 daAuts
